 Dungeon Crawl Stone Soup version 0.18.1-48-g4cf74bf (webtiles) character file.

199 kobby the Covert (level 5, 0/39 HPs)
             Began as a Vampire Assassin on June 30, 2016.
             Splashed by a jelly's acid (10 damage)
             ... on level 5 of the Dungeon.
             The game lasted 00:11:44 (4075 turns).

kobby the Covert (Vampire Assassin)                 Turns: 4075, Time: 00:11:45

Health: 0/39       AC: -5    Str:  9 (10) XL:     5   Next: 48%
Magic:  5/5        EV: 13    Int: 13 (14) God:
Gold:   167        SH:  0    Dex: 14 (16) Spells: 0 memorised, 4 levels left

rFire  . . .     SeeInvis +     h - +1 whip (elec)
rCold  . . .     Gourm    .     c - +0 robe
rNeg   + . .     Faith    .     (no shield)
rPois  .         Spirit   .     (no helmet)
rElec  .         Dismiss  .     d - +0 cloak
rCorr  .         Reflect  .     (no gloves)
SustAt .         Harm     .     (no boots)
MR     .....                    (no amulet)
Stlth  ++++......               (no ring)
                                (no ring)

@: corroded, not resistant to hostile enchantments, stealthy
A: fangs 3, see invisible, unbreathing
a: Bat Form


You were on level 5 of the Dungeon.
You were not thirsty.

You visited 1 branch of the dungeon, and saw 5 of its levels.

You collected 167 gold pieces.

Inventory:

Hand Weapons
 a - a +2 dagger
 b - a +0 blowgun
 g - a +3 whip
 h - a +1 whip of electrocution (weapon)
Missiles
 e - 16 poisoned needles
 f - 2 curare-tipped needles
Armour
 c - a +0 robe (worn)
 d - a +0 cloak (worn)
Jewellery
 j - a -3 ring of evasion
Scrolls
 i - 3 scrolls of identify
 k - 2 scrolls of remove curse
 l - a scroll of recharging
 m - 2 scrolls of random uselessness {unknown}
 n - a scroll of teleportation


   Skills:
 + Level 2.5 Fighting
 + Level 2.3 Short Blades
 + Level 1.0 Maces & Flails
 + Level 1.5 Throwing
 + Level 3.5 Dodging
 + Level 8.0 Stealth


You had 4 spell levels left.
You didn't know any spells.

Dungeon Overview and Level Annotations

Branches:
Dungeon (5/15)
 Temple: D:4-7

Altars:
Nemelex Xobeh

Shops:
D:4 :


Innate Abilities, Weirdness & Mutations

You have razor-sharp teeth.
You have supernaturally acute eyesight.
You can survive without breathing.


Message History

There is a stone staircase leading down here.
Found a scroll of immolation.
Found a leather armour.
A jelly comes into view.
You see here a scroll of immolation.
The helpless jelly fails to defend itself.
You hit the jelly.
Your hands burn!
The jelly is moderately wounded.
The jelly hits you.
You are splashed with acid!
The acid corrodes you!
The acid burns!
You hit the jelly but do no damage.
Your hands burn!
The jelly is moderately wounded.
The jelly hits you.
You are splashed with acid!
The acid corrodes you!
The acid burns!
You hit the jelly.
There is a sudden explosion of sparks!
Your hands burn!
The jelly is almost dead.
The jelly hits you.
* * * LOW HITPOINT WARNING * * *
You are splashed with acid!
The acid burns!
You die...

#.## #..# ##.#
#.# #># #.#
#############.#
#.?...........#
#@#############
#...[J# #######


You could see a jelly.

Vanquished Creatures
  A scorpion (D:5)
  An iguana (D:4)
  3 adders (D:2)
  A shadow imp (D:5)
  An ooze (D:2)
  5 worms
  2 dart slugs
  2 giant geckos
  2 orcs
  2 ball pythons
  3 giant cockroaches
  8 goblins
  10 hobgoblins
  2 jackals (D:2)
  2 quokkas
  5 bats
  3 giant newts
  7 kobolds
  9 rats
69 creatures vanquished.

Notes
Turn   | Place    | Note
--------------------------------------------------------------
     0 | D:1      | kobby the Vampire Assassin began the quest for the Orb.
     0 | D:1      | Reached XP level 1. HP: 16/16 MP: 1/1
    57 | D:1      | Reached skill level 6 in Stealth
   134 | D:1      | Reached XP level 2. HP: 20/22 MP: 2/2
   703 | D:1      | Reached skill level 7 in Stealth
  1029 | D:2      | Reached XP level 3. HP: 24/27 MP: 3/3
  1922 | D:2      | Reached XP level 4. HP: 16/33 MP: 4/4
  3323 | D:3      | Found a sparkling altar of Nemelex Xobeh.
  3540 | D:4      | Reached XP level 5. HP: 27/39 MP: 5/5
  3559 | D:4      | Found Xied's Book Emporium.
  3940 | D:5      | Entered Level 5 of the Dungeon
  4035 | D:5      | Reached skill level 1 in Maces & Flails
  4035 | D:5      | Reached skill level 8 in Stealth
  4075 | D:5      | Splashed by a jelly's acid

Skill      XL: |  1  2  3  4  5 |
---------------+----------------+-----
Stealth        | 6 7 8 |  8.0
Fighting       | 2 |  2.5
Dodging        | 2 3 |  3.5
Maces & Flails | 1 |  1.0
Short Blades   | |  2.3
Throwing       | |  1.5

Action                   |  1- 3 |  4- 6 || total
-------------------------+-------+-------++-------
Melee: Dagger            |     7 |       ||     7
       Whip              |    97 |   106 ||   203
       Bite              |    12 |     8 ||    20
  Use: Scroll            |     3 |     4 ||     7
       Potion            |     1 |     2 ||     3
 Stab: Sleeping          |    13 |    10 ||    23
  Eat: Corpse            |     3 |     5 ||     8
Armor: Robe              |    25 |    16 ||    41
Dodge: Dodged            |    51 |    55 ||   106
